 Seeded DCSS version 0.30-a0-737-gf23d94013f (webtiles) character file.

Game seed: 5430720872467839093 (custom seed)

1 valliere the Trooper (level 1, 11/11 HPs)
             Began as a Vine Stalker Monk on Feb 2, 2023.
             Quit the game on level 1 of the Dungeon.
             The game lasted 00:00:14 (57 turns).

valliere the Trooper (Vine Stalker Monk)              Turns: 57, Time: 00:00:15

Health: 11/11      AC:  2    Str: 13    XL:     1   Next: 20%
Magic:  2/2        EV: 12    Int: 10    God:
Gold:   9          SH:  0    Dex: 16    Spells: 0/0 levels left

rFire   . . .      SeeInvis .    a - +0 short sword
rCold   . . .      Faith    .    (no shield)
rNeg    . . .      Spirit   +    b - +0 robe
rPois   .          Reflect  .    (no helmet)
rElec   .          Harm     .    (no cloak)
rCorr   .          Rampage  .    (no gloves)
Will    .....                    (no boots)
Stlth   ++                       (no amulet)
HPRegen 0.21/turn                (no ring)
MPRegen 0.08/turn                (no ring)

@: no status effects
A: fangs 2, magic shield, antimagic bite, no potion heal 2, talons 1,
deterioration 1, noise suppression
a: no special abilities


You were on level 1 of the Dungeon.
You visited 1 branch of the dungeon, and saw 1 of its levels.

You collected 9 gold pieces.

Inventory:

Hand Weapons
 a - a +0 short sword (weapon)
Armour
 b - a +0 robe (worn)
Potions
 c - a potion of ambrosia


   Skills:
 + Level 2.7 Fighting
 + Level 2.7 Short Blades
 + Level 2.4 Dodging
 + Level 2.4 Stealth


You couldn't memorise any spells.
You didn't know any spells.
Your spell library was empty.

Dungeon Overview and Level Annotations

Branches:
Dungeon (1/15)

Altars:


Innate Abilities, Weirdness & Mutations

You have extremely sharp teeth.
When hurt, damage is shared between your health and your magic reserves.
Your bite disrupts and absorbs the magic of your enemies.
Potions cannot restore your health.
You have sharp toenails.
Your body sometimes deteriorates upon taking damage.
You passively dampen the noise of your surroundings.


Message History

Welcome, valliere the Vine Stalker Monk.
Game seed: 5430720872467839093 (custom seed) Press ? for a list of commands and other information.
Found 9 gold pieces.
Found a staircase leading out of the dungeon.
You now have 9 gold pieces.
A kobold comes into view. It is wielding a +0 short sword.
The kobold shouts!
The kobold misses you.
You hit the kobold but do no damage. You closely miss the kobold.
You bite the kobold. You drain its power.
The kobold is moderately wounded.
The kobold hits you with a +0 short sword.
You hit the kobold.
You kill the kobold!
No target in view!
HP restored.
Magic restored.
Things that are here:
a +0 short sword; a kobold corpse
d - a viscous brown potion It was a potion of mutation.
You feel extremely strange.
You feel your surroundings grow quieter.
You feel yourself wasting away.
Your toenails lengthen and sharpen.
Are you sure you want to abandon this character and quit the game? (Confirm with "yes".)

##..... .......
#..... ##.....
.......###
#.......#
#.......#
#.....@.########
#.#####........#
########.# #.#
#)# #.# #.# #.#
#.#


There were no monsters in sight!

Vanquished Creatures
  A kobold (D:1)
1 creature vanquished.

Notes
Turn   | Place    | Note
-------+----------+-------------------------------------------
     0 | D:1      | valliere the Vine Stalker Monk began the quest for the Orb.
     0 | D:1      | Reached XP level 1. HP: 11/11 MP: 2/2
    56 | D:1      | Gained mutation: You passively dampen the noise of your
                  | surroundings. [potion of mutation]
    56 | D:1      | Gained mutation: Your body sometimes deteriorates upon
                  | taking damage. [potion of mutation]
    56 | D:1      | Gained mutation: You have sharp toenails. [potion of
                  | mutation]
    57 | D:1      | Quit the game

Illustrated notes

Levels and vault maps discovered:
D:1:      dpeg_arrival_boxes_within_box, layout_basic

Action                     || total
---------------------------++-------
  Melee: Short sword       ||     3
         Bite              ||     1
    Use: Potion            ||     1
  Dodge: Dodged            ||     1

Table legend: (Time is in decaauts)
 A = Elapsed time spent in this place.
 B = Non-inter-level travel time spent in this place.
 C = Inter-level travel time spent in this place.
 D = Time resting spent in this place.
 E = Time spent auto-exploring this place.
 F = Levels seen in this place.
 G = Mean time per level.
                   A        B        C        D        E       F      G
               +--------+--------+--------+--------+--------+-----+--------+
         Total |     56 |     56 |      0 |      0 |     45 |   1 |   56.0 |
       Dungeon |     56 |     56 |      0 |      0 |     45 |   1 |   56.0 |
               +--------+--------+--------+--------+--------+-----+--------+

Top non-repeatable levels by time:
     D:1: 56 daAuts
